 Dungeon Crawl Stone Soup version 0.20.1-1-g8b1a95d (webtiles) character file.

560562 Monsterracer the Conqueror (level 25, -20/257 HPs)
             Began as a Pale Draconian Artificer on Aug 10, 2017.
             Was the Champion of Ru.
             Killed from afar by an orb of fire (25 damage)
             ... with a fireball
             ... on level 5 of the Realm of Zot on Aug 11, 2017.
             The game lasted 03:18:54 (76036 turns).

Monsterracer the Conqueror (DrAr)                  Turns: 76036, Time: 03:18:55

Health: -20/257    AC: 22    Str: 27    XL:     25   Next: 33%
Magic:  18/22      EV: 37    Int: 16    God:    Ru [******]
Gold:   5121       SH: 18    Dex: 29    Spells: 25/26 levels left

rFire    + + .     SeeInvis .   O - +9 demon whip (elec)
rCold    + + +     Gourm    .   L - +2 shield
rNeg     + . .     Faith    .   (armour unavailable)
rPois    +         Spirit   .   p - +2 hat
rElec    .         Reflect  .   Q - +2 cloak {rC+}
rCorr    .         Harm     .   E - +1 pair of gloves of Ygomosat {-Cast rC+ rN+ Dex+8}
MR       ++...     NoCast   +   a - +2 pair of boots
Stlth    +++++++...             d - amulet "Qipseit" {RegenMP *Drain rF+ Int+5}
Regen    0.6/turn               q - ring "Akhlafid" {+Inv rPois rF+ rC+ Str+3}
MPRegen  0.3/turn               o - ring "Cugyet" {rPois MR+ Int+3}

@: agile, exhausted, no potions, drained
A: breathe steam, unfitting armour, horns 2, talons 1, agile 1, blink, dopey 2,
low mp 1, mutation resistance 1, sense surroundings 1, cold-blooded, inability
to drink while threatened, inability to use devices, hated by all, no charms
magic, no hexes magic, no poison magic, AC +12
}: 3/15 runes: barnacled, slimy, gossamer
a: Breathe Steam, Blink, Draw Out Power, Power Leap, Apocalypse, Renounce
Religion


You were on level 5 of the Realm of Zot.
You worshipped Ru.
Ru was exalted by your worship.
You were very full.

You visited 11 branches of the dungeon, and saw 53 of its levels.
You visited the Abyss 1 time.
You also visited: Ice Cave.

You collected 6339 gold pieces.
You spent 1218 gold pieces at shops.

Inventory:

Hand Weapons
 O - a +9 demon whip of electrocution (weapon)
Missiles
 l - 4 throwing nets (quivered)
Armour
 a - a +2 pair of boots (worn)
 p - a +2 hat (worn)
 E - the +1 pair of gloves of Ygomosat (worn) {-Cast rC+ rN+ Dex+8}
   (You found it on level 1 of the Shoals)

   It affects your dexterity (+8).
   It protects you from cold.
   It protects you from negative energy.
   It prevents spellcasting.
 L - a +2 shield (worn)
 Q - a +2 cloak of cold resistance (worn)
Jewellery
 c - an uncursed ring of resist corrosion
 d - the amulet "Qipseit" (around neck) {RegenMP *Drain rF+ Int+5}
   (You took it off a boggart on level 3 of the Depths)

   [amulet of magic regeneration]

   It increases your magic regeneration.
   It affects your intelligence (+5).
   It protects you from fire.
   It causes draining when unequipped.
 o - the ring "Cugyet" (right hand) {rPois MR+ Int+3}
   (You found it on level 1 of the Vaults)

   [ring of protection from magic]

   It affects your intelligence (+3).
   It protects you from poison.
   It affects your resistance to hostile enchantments.
 q - the ring "Akhlafid" (left hand) {+Inv rPois rF+ rC+ Str+3}
   (You took it off a fire giant on level 3 of the Depths)

   [ring of poison resistance]

   It affects your strength (+3).
   It protects you from fire.
   It protects you from cold.
   It protects you from poison.
   It lets you turn invisible.
 r - an uncursed ring of protection from magic
 P - the ring "Nal Ypsuily" {rPois rN++ MP-9 SInv Stlth+}
   (You found it on level 4 of the Shoals)

   [ring of poison resistance]

   It protects you from poison.
   It greatly protects you from negative energy.
   It affects your magic capacity (-9).
   It lets you see invisible.
   It makes you more stealthy.
Scrolls
 n - 11 scrolls of teleportation
 s - 5 scrolls of enchant armour
 v - 23 scrolls of remove curse
 z - 4 scrolls of fog
 F - 6 scrolls of blinking
 I - 12 scrolls of identify
 N - 7 scrolls of fear
Potions
 e - 10 potions of curing
 g - 7 potions of haste
 i - 4 potions of agility
 j - 5 potions of ambrosia
 t - 5 potions of cancellation
 w - 11 potions of heal wounds
 x - 2 potions of magic
 A - 7 potions of might
 B - a potion of berserk rage
 C - 5 potions of flight
 G - 2 potions of invisibility
 H - 2 potions of resistance
 M - 6 potions of mutation
Comestibles
 f - 24 bread rations
 h - 26 meat rations
 k - 10 royal jellies


   Skills:
 O Level 27(25.1) Fighting
   Level 1.0(0.0) Short Blades
 * Level 20.9(19.2) Maces & Flails
 * Level 19.5(17.9) Dodging
 + Level 14.9(13.4) Stealth
 - Level 15.0(13.5) Shields
 - Level 1.1(0.1) Spellcasting
   Level 2.8(1.7) Conjurations
   Level 3.7(2.6) Fire Magic


You had 25 spell levels left.
You knew the following spells:

 Your Spells              Type           Power        Failure   Level  Hunger
z - Apportation           Tloc           #.....       30%         1    ##.....


Dungeon Overview and Level Annotations

Branches:
Dungeon (15/15)            Temple (1/1) D:6            Lair (6/6) D:11
 Shoals (4/4) Lair:2       Spider (4/4) Lair:4        Slime (5/5) Lair:5
    Orc (2/2) D:11            Elf (2/3) Orc:2        Vaults (4/5) D:14
  Crypt (0/3) Vaults:3     Depths (5/5) D:15            Zot (5/5) Depths:5

Altars:
Ashenzari
Cheibriados
Dithmenos
Elyvilon
Fedhas
Gozag
Hepliaklqana
Kikubaaqudgha
Makhleb
Nemelex Xobeh
Okawaru
Qazlal
Ru
Sif Muna
Trog
Uskayaw
Vehumet
Xom
Yredelemnul
Zin
The Shining One
Jiyva

Shops:
D:10 *?   Orc:1 ?   Orc:2 ([[(   Shoals:3 [*([   Shoals:4 *   Vaults:2 }
Depths:3 *   Depths:5 %

Portals:
Hell: Lair:6 Depths:1 Depths:2 Depths:3 Depths:4 Depths:5
Abyss: Depths:4
Pandemonium: Depths:1 Depths:3
Ziggurat: Depths:1

Annotations:
Elf:2 2 runed doors


Innate Abilities, Weirdness & Mutations

You can breathe blasts of scalding, opaque steam.
Your pale cyan-grey scales are hard. (AC +12)
You cannot fit into any form of body armour.
You are very dopey. (Int -4)
Your magical capacity is low. (-10% MP)
You are cold-blooded and may be slowed by cold attacks.
You cannot drink potions while threatened.
You cannot study or use magical devices.
You are hated by all.
You cannot study or cast Charms magic.
You cannot study or cast Hexes magic.
You cannot study or cast Poison magic.
You have a pair of horns on your head.
You have sharp toenails.
You are agile. (Dex +2)
You can translocate small distances at will.
You are somewhat resistant to further mutation.
You passively map a small area around you.


Message History

You hear a distant "Zot"!
The orb of fire glows bright magenta.
Strange energies course through your body.
You feel odd for a moment.
Your blink will be uncontrolled - continue anyway?
The Orb prevents control of your translocation!
You blink.
As you read the scroll of blinking, it crumbles to dust.
The orb of fire is stunned by your will and fails to attack.
You redirect the orb of fire's attack!
The orb of fire glows yellow.
The bolt of fire misses the orb of fire.
The shadow dragon begins to attack, but is stunned by your will!
Your blink will be uncontrolled - continue anyway?
The Orb prevents control of your translocation!
You blink.
As you read the scroll of blinking, it crumbles to dust.
The orb of fire glows deep purple.
The fireball explodes!
The fireball engulfs you! You resist.
You die...

,,,,.......=....⌠...........,,,,,
****##########..####........,,,**
##.# #........,,,* ***
########.########▓▓▓▓***** ,,**
#...............# **,,,, ,,,**
##.............#* **,,,,, ,,,,**
#........)§§§.# **,,,,,, ,,,,,*
##........§§§## *,,,,,,, ,,,,,*
#..^...@^§.§# #....... ,,,,,*
*#........§§§## #....... ,,,,,*
#....^...§*§§§# #....... ,,,,,*
*#........).§§§## #.......
,,,,,**#...........§.*§##*.......
,,,,**#...###########.p.###.D....
,,,**....#* ##..D.##*....
,,,,,..##* ###.)[)d..p^ *****▓▓*
#▓▓▓▓▓▓▓▓▓


You could see 2 orbs of fire and a Killer Klown.

Vanquished Creatures
  the Royal Jelly (Slime:5)
  Mara (Depths:1)
  Frederick (Vaults:3)
  Boris (Vaults:4)
  Saint Roka (Vaults:1)
  3 golden dragons
  Jory (Vaults:3)
  A bone dragon (Depths:2)
  4 liches
  Jorgrun (Elf:2)
  2 tentacled monstrosities
  An Ice Fiend (IceCv)
  6 Orb Guardians (Zot:5)
  The ghost of NorthaanB the Corrupter of Planes, an adept FoAK of Lugonu (Spider:3)
  12 acid blobs
  A tentacled starspawn (Abyss:3)
  A titan (Vaults:3)
  Polyphemus (Shoals:2)
  A kraken (Shoals:2)
  4 storm dragons
  Agnes (Elf:2)
  Roxanne (Spider:1)
  Donald (Shoals:2)
  Kirke (Lair:4)
  A shadow dragon (Zot:5)
  8 azure jellies
  4 tengu reavers
  4 draconian monks (Depths:5)
  10 fire giants
  Ilsuiw (Shoals:4)
  5 frost giants
  A deep elf sorcerer (Depths:4)
  A balrug (Depths:2)
  10 vault wardens
  2 iron dragons (Depths:4)
  6 ghost moths
  A deep elf elementalist (Elf:2)
  4 emperor scorpions
  A reaper (Depths:3)
  2 draconian annihilators (Depths:5)
  A draconian stormcaller (Zot:5)
  23 very ugly things
  A caustic shrike skeleton (Depths:2)
  13 ironheart preservers
  A spriggan defender (Depths:3)
  Nessos (Lair:4)
  4 entropy weavers
  19 stone giants
  A green draconian (Depths:5)
  2 deep elf demonologists
  2 white draconians (Depths:5)
  7 vampire knights
  3 black draconians (Depths:5)
  2 deep elf annihilators (Depths:3)
  8 purple draconians
  6 red draconians (Depths:5)
  9 spark wasps
  5 death oozes (Slime:5)
  8 fire dragons
  4 merfolk javelineers
  2 deep elf death magi
  6 merfolk impalers
  14 ettins
  Snorg (Lair:4)
  A blizzard demon (Depths:1)
  11 great orbs of eyes
  A deep elf high priest (Elf:1)
  The ghost of vomix the Severer, a journeyman MiBe of Trog (IceCv)
  18 yaktaur captains
  Josephine (Lair:6)
  3 jiangshi (Depths:4)
  15 ogre magi
  3 vault guards
  6 rakshasas
  4 alligator snapping turtles
  A quicksilver dragon skeleton (Depths:2)
  9 hydras
  7 ice dragons
  12 centaur warriors
  6 merfolk aquamancers
  6 merfolk avatars
  2 spriggan air magi
  A catoblepas (Shoals:3)
  3 death knights
  47 two-headed ogres
  22 dancing weapons
  4 satyrs
  16 deep troll earth magi
  7 deep troll shamans
  9 death yaks
  4 orc high priests
  5 tengu warriors
  2 vampire magi
  2 titan zombies
  2 soul eaters
  11 deep elf knights
  2 spriggans (Depths:2)
  4 thrashing horrors (Abyss:3)
  A titan skeleton (Depths:2)
  4 spriggan berserkers
  Nergalle (Lair:4)
  3 sun demons
  A fire crab (shapeshifter) (Depths:3)
  11 hell knights
  4 iron trolls (Depths:1)
  A sixfirhy (Depths:1)
  16 skeletal warriors
  16 sea snakes
  4 flayed ghosts
  3 unseen horrors
  4 death drakes (Depths:5)
  4 glowing orange brains
  A glowing orange brain (shapeshifter) (Vaults:1)
  A torturous demonspawn (Depths:1)
  39 deep trolls
  10 wizards
  10 deep elf archers
  2 starcursed masses (Abyss:3)
  29 harpies
  A phantasmal warrior (Vaults:2)
  15 orc knights
  3 lindwurms (Depths:5)
  A lindwurm (shapeshifter) (Depths:4)
  50 deep elf magi
  A golden dragon skeleton (Depths:2)
  17 orb spiders
  14 ironbrand convokers
  8 necromancers
  A sphinx zombie (Vaults:4)
  42 wolf spiders
  An orb spider (shapeshifter) (Depths:3)
  4 shining eyes
  2 mana vipers (shapeshifter)
  5 orc sorcerers (Orc:2)
  18 fauns
  A tengu skeleton (Depths:2)
  57 ugly things
  3 oklob plants
  A salamander (Depths:1)
  7 moths of wrath
  A human zombie (Vaults:4)
  3 salamanders (shapeshifter)
  17 manticores
  14 cyclopes
  An elephant (shapeshifter) (Depths:3)
  A centaur zombie (D:13)
  2 sphinx skeletons (Depths:2)
  21 merfolk sirens
  2 stone giant skeletons (Depths:2)
  Joseph (D:9)
  An ice statue (IceCv)
  An iron dragon skeleton (Depths:2)
  A guardian serpent (shapeshifter) (Depths:3)
  A rust devil (Depths:1)
  4 eyes of devastation
  11 elephants
  6 fire giant skeletons
  Maurice (D:11)
  2 smoke demons
  12 water nymphs
  16 vault sentinels
  8 black mambas
  21 spiny frogs
  2 gargoyles
  3 torpor snails
  A centaur skeleton (D:15)
  9 komodo dragons
  A yaktaur zombie (Vaults:3)
  A kobold demonologist (D:14)
  2 anaconda simulacra (IceCv)
  59 yaktaurs
  11 rime drakes
  15 demonic crawlers
  5 orange demons
  A hellwing (Lair:6)
  3 yaktaurs (shapeshifter)
  An ancient zyme (Abyss:3)
  11 freezing wraiths
  2 golden dragon simulacra (IceCv)
  7 spriggan skeletons (Depths:2)
  2 yaktaur skeletons (Vaults:3)
  7 ice devils (IceCv)
  6 wind drakes
  A tengu conjurer (Depths:2)
  2 elf skeletons (Depths:2)
  A meliai (shapeshifter) (Depths:2)
  2 red devils (Lair:6)
  39 jumping spiders
  24 merfolk
  4 polar bears
  2 queen bees (shapeshifter)
  2 jumping spiders (shapeshifter)
  5 human skeletons
  11 blink frogs
  8 trolls
  20 hornets
  A tengu simulacrum (Vaults:3)
  73 slime creatures
  5 raiju (Abyss:3)
  14 snapping turtles
  20 hippogriffs
  A wind drake (shapeshifter) (D:13)
  12 dream sheep
  Sigmund (D:2)
  A stone giant simulacrum (Vaults:1)
  A fire giant simulacrum (Abyss:3)
  11 flying skulls (Depths:2)
  97 redbacks
  A redback (shapeshifter) (Vaults:3)
  A ynoxinul (Depths:3)
  24 tarantellas
  8 air elementals
  2 vampires
  22 water elementals
  2 shadows (D:15)
  A spriggan (shapeshifter) (Vaults:2)
  A human (shapeshifter) (Elf:2)
  A yak (shapeshifter) (D:15)
  8 wyverns
  A dire elephant simulacrum (IceCv)
  5 fire elementals
  11 basilisks
  9 hogs
  19 humans
  20 yaks
  9 wraiths
  5 golden eyes (Slime:2)
  A chaos spawn (Abyss:3)
  15 vampire mosquitoes
  A death yak simulacrum (IceCv)
  2 hungry ghosts
  A neqoxec (Abyss:3)
  6 wargs
  2 harpy simulacra (IceCv)
  4 iron troll simulacra (IceCv)
  Grum (D:9)
  A small abomination (Abyss:3)
  5 hydra simulacra (IceCv)
  13 water moccasins
  A soldier ant (shapeshifter) (Depths:2)
  The ghost of manon the Conjurer, an amateur GrWz (D:3)
  5 hell hounds
  38 orc warriors
  5 porcupines
  A black bear (D:10)
  3 ice beasts
  An elf zombie (Vaults:3)
  5 sky beasts
  2 swamp drakes (Depths:5)
  8 eyes of draining
  36 ogres
  An eye of draining (shapeshifter) (D:14)
  5 phantoms
  2 ettin simulacra (IceCv)
  7 boggarts
  15 wolves
  16 centaurs
  2 crocodiles (shapeshifter) (Vaults:2)
  14 crocodiles
  6 big kobolds
  18 bullfrogs
  A wyvern zombie (D:13)
  An earth elemental (Elf:2)
  4 scorpions
  18 killer bees
  9 wights
  2 electric eels
  4 howler monkeys
  15 crimson imps
  4 bullfrog zombies
  3 draconian simulacra (IceCv)
  2 quasits
  9 hounds
  2 jellies (D:14)
  23 orc priests
  27 orc wizards
  3 bullfrog skeletons
  2 iron imps
  7 iguanas
  4 troll simulacra (IceCv)
  11 worker ants
  A killer bee zombie (D:9)
  2 spriggan simulacra (IceCv)
  A centaur simulacrum (IceCv)
  A hound skeleton (D:5)
  A worker ant zombie (D:5)
  A howler monkey zombie (D:7)
  13 adders
  A howler monkey skeleton (D:11)
  3 naga simulacra (IceCv)
  6 shadow imps
  10 white imps
  4 ufetubi (IceCv)
  9 oozes
  An adder zombie (D:5)
  An adder skeleton (D:8)
  A worm (D:3)
  3 dart slugs
  8 leopard geckos
  79 orcs
  7 bats
  7 giant cockroaches
  10 goblins
  8 hobgoblins
  4 jackals
  29 kobolds
  4 quokkas
  A ball python (D:2)
  4 frilled lizards
  A quokka skeleton (D:5)
  7 rats
  A bush (Abyss:3)
  2 fungi (Lair:6)
  20 plants
2369 creatures vanquished.

Vanquished Creatures (collateral kills)
  A ball python (D:3)
1 creature vanquished.

Vanquished Creatures (others)
  Boris (Depths:5)
  An Orb Guardian (Zot:5)
  A sphinx (Vaults:3)
  A storm dragon (Vaults:4)
  A draconian monk (Depths:5)
  A ghost moth (Spider:1)
  A stone giant (Vaults:3)
  A purple draconian (Depths:5)
  2 merfolk javelineers (Shoals:4)
  An ettin (D:15)
  2 hydras
  A dancing weapon (Elf:2)
  A fire crab (shapeshifter) (Depths:4)
  A slime creature (Vaults:2)
  2 deep trolls
  A deep elf archer (Elf:1)
  2 lindwurms (Depths:5)
  A necromancer (D:14)
  2 deep elf magi (Elf:2)
  A cyclops (Vaults:1)
  An elephant (Lair:6)
  A wolf spider (Spider:2)
  2 manticores (Shoals:1)
  A spiny frog (Lair:6)
  10 yaktaurs
  A merfolk (Shoals:2)
  2 jumping spiders
  A wind drake (Depths:5)
  2 snapping turtles
  4 redbacks
  An air elemental (Elf:1)
  A water elemental (Depths:1)
  A basilisk (D:12)
  A hog (Lair:4)
  A hydra simulacrum (IceCv)
  An orc warrior (D:14)
  An ogre (Orc:1)
  An orc wizard (Orc:2)
  A troll simulacrum (IceCv)
  A naga simulacrum (IceCv)
  An orc (Orc:2)
  4 jackals
  A bush (D:11)
  28 fungi
  32 plants
  2 starspawn tentacles (Abyss:3)
  6 toadstools (D:5)
134 creatures vanquished.

Grand Total: 2504 creatures vanquished

Notes
Turn   | Place    | Note
-------+----------+-------------------------------------------
     0 | D:1      | Monsterracer the Draconian Artificer began the quest for the Orb.
     0 | D:1      | Reached XP level 1. HP: 16/16 MP: 3/3
    85 | D:1      | Reached skill level 2 in Fighting
    99 | D:1      | HP: 8/17 [hobgoblin (2)]
   108 | D:1      | Reached XP level 2. HP: 11/24 MP: 4/4
   681 | D:2      | Reached skill level 3 in Fighting
   717 | D:2      | Reached XP level 3. HP: 29/31 MP: 5/5
   749 | D:2      | HP: 16/33 [poisoned by an adder]
   755 | D:2      | HP: 13/33 [poisoned by an adder]
   761 | D:2      | HP: 12/33 [poisoned by an adder]
   769 | D:2      | HP: 11/33 [poisoned by an adder]
  1146 | D:2      | Found a sparkling altar of Nemelex Xobeh.
  1159 | D:2      | Noticed Sigmund
  1180 | D:1      | Reached skill level 4 in Fighting
  1264 | D:2      | Reached XP level 4. HP: 37/41 MP: 6/6
  1366 | D:2      | Found a stormy altar of Qazlal.
  1481 | D:2      | Killed Sigmund
  1481 | D:2      | Reached skill level 5 in Fighting
  1481 | D:2      | Reached XP level 5. HP: 28/48 MP: 5/7
  1987 | D:3      | Reached XP level 6. HP: 49/57 MP: 6/8
  2112 | D:3      | HP: 28/57 [poisoned by an adder]
  2119 | D:3      | HP: 28/57 [poisoned by an adder]
  2127 | D:3      | HP: 27/57 [poisoned by an adder]
  2267 | D:3      | Noticed manon's ghost (amateur GrWz)
  2303 | D:3      | HP: 28/57 [adder (4)]
  2308 | D:3      | HP: 27/57 [poisoned by an adder]
  2315 | D:3      | HP: 27/57 [poisoned by an adder]
  2320 | D:3      | HP: 27/57 [jackal (1)]
  2327 | D:3      | HP: 19/57 [manon's ghost/magic dart (8)]
  2341 | D:3      | HP: 25/57 [manon's ghost (6)]
  2342 | D:3      | Killed manon's ghost
  2342 | D:3      | Reached skill level 6 in Fighting
  3030 | D:4      | Your scales start taking on a pale cyan-grey colour.
  3030 | D:4      | Reached XP level 7. HP: 59/64 MP: 7/9
  3097 | D:4      | Found a deep blue altar of Sif Muna.
  3698 | D:4      | Reached skill level 7 in Fighting
  4119 | D:5      | Entered Level 5 of the Dungeon
  4209 | D:5      | Reached skill level 5 in Maces & Flails
  4228 | D:5      | HP: 32/66 [shadow imp (3)]
  4537 | D:5      | Reached XP level 8. HP: 61/73 MP: 6/10
  4825 | D:5      | Found a basalt altar of Yredelemnul.
  4948 | D:5      | Noticed a slime creature
  4953 | D:5      | HP: 49/111 [slime creature (11)]
  4955 | D:5      | Killed a slime creature
  4957 | D:5      | Noticed a slime creature
  4960 | D:5      | HP: 45/111 [slime creature (6)]
  4961 | D:5      | Killed a slime creature
  4961 | D:5      | Reached skill level 8 in Fighting
  4979 | D:5      | HP: 32/74 [ooze (2)]
  5349 | D:5      | Reached XP level 9. HP: 73/82 MP: 8/11
  5533 | D:6      | Reached skill level 5 in Dodging
  5864 | D:6      | Found a staircase to the Ecumenical Temple.
  5888 | Temple   | Entered the Ecumenical Temple
  6065 | Temple   | Became a worshipper of Ru the Awakened
  6154 | D:6      | Found a snail-covered altar of Cheibriados.
  6739 | D:7      | Found an opulent altar of Gozag.
  7170 | D:7      | Reached skill level 9 in Fighting
  7766 | D:8      | Gained mutation: You cannot study or use magical devices. [Ru sacrifice]
  7766 | D:8      | Reached * piety under Ru
  7766 | D:8      | Reached ** piety under Ru
  8072 | D:8      | Reached XP level 10. HP: 76/91 MP: 7/10
  8228 | D:8      | Noticed a green ugly thing
  8231 | D:8      | Gained mutation: You are clumsy. (Dex -2) [mutagenic meat]
  8232 | D:8      | Lost mutation: You are clumsy. (Dex -2) [mutagenic meat]
  8233 | D:8      | Gained mutation: You have a pair of small horns on your head. [mutagenic meat]
  8234 | D:8      | Gained mutation: You occasionally shout uncontrollably at your foes. [mutagenic meat]
  8235 | D:8      | Gained mutation: You can translocate small distances at will. [mutagenic meat]
  8287 | D:8      | Killed a green ugly thing
  8781 | D:8      | Reached skill level 10 in Maces & Flails
  8998 | D:8      | Reached skill level 10 in Fighting
  9122 | D:9      | Noticed Grum
  9139 | D:9      | Killed Grum
  9303 | D:9      | Found Jekeoss's Jewellery Emporium.
  9627 | D:9      | Gained mutation: You cannot study or cast Poison magic. [Ru sacrifice]
  9627 | D:9      | Gained mutation: You cannot study or cast Hexes magic. [Ru sacrifice]
  9627 | D:9      | Gained mutation: You cannot study or cast Charms magic. [Ru sacrifice]
  9627 | D:9      | Reached *** piety under Ru
  9642 | D:9      | Noticed Joseph
  9667 | D:9      | Killed Joseph
 10326 | D:9      | Reached skill level 11 in Fighting
 10881 | D:10     | Entered Level 10 of the Dungeon
 10969 | D:10     | Found Ruynalui's Magic Scroll Boutique.
 10977 | D:10     | Bought a scroll of blinking for 97 gold pieces
 10977 | D:10     | Bought a scroll of teleportation for 39 gold pieces
 11020 | D:10     | Reached XP level 11. HP: 64/102 MP: 7/11
 11281 | D:10     | Found Nosaxyw's Assorted Antiques.
 11287 | D:10     | Bought 2 orange potions for 48 gold pieces
 11287 | D:10     | Bought a scroll labeled YZUIBBOUWE for 27 gold pieces
 11483 | D:10     | Found a sacrificial altar of Ru.
 11594 | D:10     | HP: 49/102 [yak (5)]
 11637 | D:10     | HP: 50/102 [yak (8)]
 11900 | D:11     | Found a staircase to the Lair.
 11900 | D:11     | Noticed an oklob plant
 11972 | D:11     | Killed an oklob plant
 12056 | Lair:1   | Entered Level 1 of the Lair of Beasts
 12199 | Lair:1   | Gained mutation: Your magical capacity is low. (-10% MP) [Ru sacrifice]
 12199 | Lair:1   | Reached **** piety under Ru
 12522 | Lair:1   | Reached skill level 12 in Fighting
 12542 | Lair:1   | HP: 52/104 [blink frog (13)]
 13507 | Lair:2   | Reached skill level 1 in Stealth
 14081 | Lair:2   | Gained mutation: You cannot drink potions while threatened. [Ru sacrifice]
 14081 | Lair:2   | Reached ***** piety under Ru
 14332 | Lair:2   | Found a staircase to the Shoals.
 14586 | Lair:3   | Reached XP level 12. HP: 104/113 MP: 10/10
 14729 | Lair:3   | Noticed a seven-headed hydra
 14761 | Lair:3   | Killed a seven-headed hydra
 15088 | Lair:3   | Reached skill level 13 in Fighting
 15360 | Lair:3   | Learned a level 3 spell: Conjure Flame
 15600 | Lair:4   | Reached skill level 1 in Fire Magic
 15705 | Lair:4   | Reached skill level 1 in Conjurations
 15931 | Lair:4   | Noticed Nessos
 16053 | Lair:4   | Noticed Snorg
 16088 | Lair:4   | Killed Snorg
 16240 | Lair:4   | Noticed Kirke
 16303 | Lair:4   | Killed Kirke
 16536 | Lair:4   | Learned a level 1 spell: Flame Tongue
 16670 | Lair:4   | Noticed Nergalle
 16685 | Lair:4   | Killed Nergalle
 16867 | Lair:4   | HP: 57/116 [Nessos/arrow (19)]
 16871 | Lair:4   | HP: 27/116 [Nessos (9)]
 16877 | Lair:4   | HP: 34/116 [poisoned by Nessos]
 16882 | Lair:4   | HP: 18/116 [poisoned by Nessos]
 16883 | Lair:4   | Killed Nessos
 16887 | Lair:4   | HP: 16/116 [poisoned by Nessos]
 16894 | Lair:4   | HP: 16/116 [poisoned by Nessos]
 16901 | Lair:4   | HP: 16/116 [poisoned by Nessos]
 16903 | Lair:4   | Noticed a four-headed hydra
 16906 | Lair:4   | HP: 13/116 [hippogriff (3)]
 17291 | Lair:4   | Killed a four-headed hydra
 17291 | Lair:4   | Reached skill level 14 in Fighting
 17412 | Lair:4   | Noticed an eight-headed hydra
 17424 | Lair:4   | Killed an eight-headed hydra
 17424 | Lair:4   | Reached XP level 13. HP: 124/124 MP: 12/12
 17570 | Lair:4   | HP: 61/124 [acid (6)]
 17583 | Lair:4   | Learned a level 1 spell: Apportation
 18420 | Lair:4   | Found a hole to the Spider Nest.
 18526 | Lair:5   | Found a viscous altar of Jiyva.
 18526 | Lair:5   | Found a staircase to the Slime Pits.
 19046 | Lair:4   | Reached skill level 1 in Spellcasting
 19310 | Lair:5   | HP: 57/125 [spiny frog (22)]
 19315 | Lair:5   | HP: 50/125 [hippogriff (8)]
 19687 | Lair:5   | Reached skill level 10 in Dodging
 20199 | Lair:6   | Entered Level 6 of the Lair of Beasts
 20213 | Lair:6   | Reached skill level 5 in Stealth
 20593 | Lair:6   | Reached skill level 15 in Fighting
 20721 | Lair:6   | Noticed Josephine
 20731 | Lair:6   | HP: 57/126 [crocodile (12)]
 21057 | Lair:6   | HP: 62/127 [elephant (18)]
 21440 | Lair:6   | Killed Josephine
 21684 | Lair:5   | HP: 52/127 [komodo dragon (17)]
 22221 | Lair:6   | Reached XP level 14. HP: 127/135 MP: 14/14
 22770 | Lair:6   | Found a burning altar of Makhleb.
 22789 | Lair:6   | HP: 67/136 [hellwing (6)]
 22799 | Lair:6   | HP: 68/136 [orange demon (2)]
 22805 | Lair:6   | HP: 59/136 [hellwing (11)]
 23201 | Lair:6   | Found a gateway to Hell.
 23599 | Lair:6   | HP: 66/136 [death yak (3)]
 23601 | Lair:6   | Reached skill level 16 in Fighting
 23609 | Lair:6   | HP: 63/137 [death yak (3)]
 23615 | Lair:6   | HP: 43/137 [death yak (21)]
 23618 | Lair:6   | HP: 21/137 [death yak (18)]
 24440 | Lair:6   | HP: 68/137 [poisoned by a spiny frog]
 24446 | Lair:6   | HP: 67/137 [poisoned by a spiny frog]
 24454 | Lair:6   | HP: 66/137 [poisoned by a spiny frog]
 24462 | Lair:6   | HP: 67/137 [poisoned by a spiny frog]
 24850 | D:11     | Gained mutation: You passively map a small area around you. [mutagenic meat]
 24851 | D:11     | Gained mutation: You have a pair of horns on your head. [mutagenic meat]
 24854 | D:11     | Gained mutation: Your spells are a little harder to cast, but a little more powerful. [mutagenic meat]
 24911 | D:11     | Found a staircase to the Orcish Mines.
 25558 | D:11     | Gained mutation: You are dopey. (Int -2) [Ru sacrifice]
 26532 | D:12     | Reached skill level 1 in Shields
 27062 | Orc:1    | Entered Level 1 of the Orcish Mines
 27062 | Orc:1    | Noticed Maurice
 27075 | D:11     | Killed Maurice
 27367 | Orc:2    | Entered Level 2 of the Orcish Mines
 27367 | Orc:2    | Found a staircase to the Elven Halls.
 27829 | Orc:1    | Found Juhanent's Magic Scroll Shoppe.
 27959 | Orc:2    | Gained mutation: You are hated by all. [Ru sacrifice]
 27959 | Orc:2    | Reached ****** piety under Ru
 28213 | Orc:2    | Found Pafina's Antique Weapon Shoppe.
 28241 | Orc:2    | Reached skill level 5 in Shields
 28241 | Orc:2    | Reached XP level 15. HP: 96/145 MP: 15/15
 28288 | Orc:2    | HP: 67/145 [orc warrior/long sword (11)]
 28354 | Orc:2    | HP: 71/145 [orc priest/divine providence (11)]
 28603 | Orc:2    | Found Leykeligh's Antique Armour Shoppe.
 28604 | Orc:2    | Found Fyitam's Armour Boutique.
 28604 | Orc:2    | Found Tuejutha's Antique Weapon Boutique.
 28650 | Orc:2    | Bought a glowing helmet for 255 gold pieces
 29102 | D:13     | Found a shimmering altar of Xom.
 29963 | D:13     | Reached skill level 17 in Fighting
 30730 | D:14     | HP: 71/147 [vault guard/war axe (10)]
 30739 | D:14     | HP: 72/147 [vault guard/enchanted battleaxe (1)]
 31569 | D:14     | Found a gate to the Vaults.
 31736 | D:14     | HP: 69/147 [cyan ugly thing (14)]
 31738 | D:14     | HP: 30/147 [cyan ugly thing (16)]
 31765 | D:14     | Gained mutation: You have sharp fingernails. [mutagenic meat]
 31767 | D:14     | Gained mutation: You are weak. (Str -2) [mutagenic meat]
 31769 | D:14     | Gained mutation: You have sharp toenails. [mutagenic meat]
 31770 | D:14     | Gained mutation: You are very dopey. (Int -4) [mutagenic meat]
 31771 | D:14     | Gained mutation: You expend magic power (3 MP) to strengthen your wands. [mutagenic meat]
 31775 | D:14     | Gained mutation: You sometimes yell uncontrollably at your foes. [mutagenic meat]
 31776 | D:14     | Lost mutation: You are weak. (Str -2) [mutagenic meat]
 31778 | D:14     | Lost mutation: You have a pair of horns on your head. [mutagenic meat]
 31780 | D:14     | Gained mutation: Your large and strong wings let you fly indefinitely. [mutagenic meat]
 32157 | D:14     | Lost mutation: You sometimes yell uncontrollably at your foes. [mutagenic meat]
 32158 | D:14     | Lost mutation: You expend magic power (3 MP) to strengthen your wands. [mutagenic meat]
 32468 | D:15     | Entered Level 15 of the Dungeon
 32490 | D:15     | HP: 69/148 [slime creature (13)]
 32507 | D:15     | HP: 64/148 [slime creature (11)]
 33241 | D:15     | Found a staircase to the Depths.
 33707 | Shoals:1 | Entered Level 1 of the Shoals
 33723 | Shoals:1 | Reached XP level 16. HP: 137/157 MP: 15/15
 33728 | Shoals:1 | Reached skill level 18 in Fighting
 33793 | Shoals:1 | Reached skill level 15 in Maces & Flails
 34017 | Shoals:1 | Found a runed door.
 34835 | Shoals:1 | Identified the +1 pair of gloves of Ygomosat {-Cast rC+ rN+ Dex+8} (You found it on level 1 of the Shoals)
 35258 | Shoals:2 | HP: 77/159 [water nymph/the raging water (37)]
 35272 | Shoals:2 | HP: 58/159 [merfolk/trident (4)]
 35334 | Shoals:2 | HP: 71/159 [satyr/arrow (9)]
 35377 | Shoals:2 | HP: 79/159 [merfolk/trident (6)]
 35455 | Shoals:2 | Reached skill level 10 in Stealth
 35456 | Shoals:2 | HP: 71/159 [harpy (12)]
 35802 | Shoals:2 | Found Boamn's Magic Scroll Emporium.
 36070 | Shoals:2 | Noticed a kraken
 36107 | Shoals:2 | Killed a kraken
 37047 | Shoals:3 | Found Giuplenn's Antique Armour Boutique.
 37050 | Shoals:3 | Bought a pair of runed boots for 262 gold pieces
 37050 | Shoals:3 | Bought a heavily runed scarf for 350 gold pieces
 37065 | Shoals:3 | Identified the scarf of Gestures {-Cast Dex+3 SInv} (You bought it in a shop on level 3 of the Shoals)
 37075 | Shoals:3 | Found Botupiuss's Assorted Antiques.
 37118 | Shoals:3 | Bought a glowing emerald amulet for 140 gold pieces
 37357 | Shoals:3 | Reached skill level 19 in Fighting
 37457 | Shoals:3 | Found Wudeuheub's Armour Emporium.
 37475 | Shoals:3 | HP: 71/160 [satyr/arrow (24)]
 37477 | Shoals:3 | Noticed Donald
 37483 | Shoals:3 | HP: 69/160 [faun/stone[a satyr] (5)]
 37739 | Shoals:2 | HP: 72/160 [Donald/scimitar of protection (17)]
 37745 | Shoals:2 | HP: 70/160 [poisoned by a merfolk impaler]
 37750 | Shoals:2 | HP: 48/160 [poisoned by a merfolk impaler]
 37754 | Shoals:2 | Killed Donald
 37755 | Shoals:2 | HP: 41/160 [poisoned by a merfolk impaler]
 37763 | Shoals:2 | HP: 42/160 [poisoned by a merfolk impaler]
 38144 | Shoals:2 | HP: 68/160 [snapping turtle (20)]
 38149 | Shoals:2 | HP: 41/160 [merfolk javelineer/silver javelin (5)]
 38150 | Shoals:2 | HP: 15/160 [merfolk javelineer/silver javelin (7)]
 38570 | Shoals:3 | Noticed Polyphemus
 38812 | Shoals:3 | HP: 79/160 [Polyphemus (18)]
 39107 | Shoals:2 | HP: 73/160 [Polyphemus (29)]
 39109 | Shoals:2 | Killed Polyphemus
 39598 | Shoals:3 | Found Weiraqam's Antique Weapon Shop.
 39660 | Shoals:3 | Reached XP level 17. HP: 146/168 MP: 16/16
 39690 | Shoals:3 | HP: 80/168 [snapping turtle (13)]
 39703 | Shoals:3 | HP: 60/168 [snapping turtle (22)]
 40007 | Shoals:3 | HP: 83/168 [poisoned by a sea snake]
 40012 | Shoals:3 | HP: 62/168 [poisoned by a sea snake]
 40017 | Shoals:3 | HP: 47/168 [poisoned by a sea snake]
 40022 | Shoals:3 | HP: 38/168 [poisoned by a sea snake]
 40027 | Shoals:3 | HP: 31/168 [poisoned by a sea snake]
 40032 | Shoals:3 | HP: 28/168 [poisoned by a sea snake]
 40037 | Shoals:3 | HP: 25/168 [poisoned by a sea snake]
 40043 | Shoals:3 | HP: 24/168 [poisoned by a sea snake]
 40048 | Shoals:3 | HP: 24/168 [poisoned by a sea snake]
 40055 | Shoals:3 | HP: 24/168 [poisoned by a sea snake]
 40063 | Shoals:3 | HP: 26/168 [poisoned by a sea snake]
 40831 | Spider:1 | Entered Level 1 of the Spider Nest
 41055 | Lair:4   | HP: 83/168 [redback (10)]
 41060 | Lair:4   | HP: 78/168 [poisoned by a redback]
 41065 | Lair:4   | HP: 74/168 [poisoned by a redback]
 41071 | Lair:4   | HP: 71/168 [poisoned by a redback]
 41078 | Lair:4   | HP: 69/168 [poisoned by a redback]
 41083 | Lair:4   | HP: 69/168 [poisoned by a redback]
 41090 | Lair:4   | HP: 70/168 [poisoned by a redback]
 41098 | Lair:4   | HP: 71/168 [poisoned by a redback]
 41361 | Spider:1 | Reached skill level 10 in Shields
 41456 | Spider:1 | HP: 82/168 [something (3)]
 41461 | Spider:1 | HP: 71/168 [poisoned by a ghost moth]
 41466 | Spider:1 | HP: 51/168 [poisoned by a ghost moth]
 41471 | Spider:1 | HP: 40/168 [poisoned by a ghost moth]
 41476 | Spider:1 | HP: 32/168 [poisoned by a ghost moth]
 41481 | Spider:1 | HP: 28/168 [poisoned by a ghost moth]
 41486 | Spider:1 | HP: 24/168 [poisoned by a ghost moth]
 41492 | Spider:1 | HP: 23/168 [poisoned by a ghost moth]
 41499 | Spider:1 | HP: 22/168 [poisoned by a ghost moth]
 41506 | Spider:1 | HP: 23/168 [poisoned by a ghost moth]
 41514 | Spider:1 | HP: 24/168 [poisoned by a ghost moth]
 41884 | Spider:1 | Noticed Roxanne
 42041 | Spider:1 | Killed Roxanne
 43873 | Spider:3 | HP: 84/168 [poisoned by a wolf spider]
 43878 | Spider:3 | HP: 67/168 [poisoned by a wolf spider]
 43883 | Spider:3 | HP: 63/168 [poisoned by a wolf spider]
 43889 | Spider:2 | HP: 57/168 [poisoned by a wolf spider]
 43895 | Spider:2 | HP: 56/168 [poisoned by a wolf spider]
 43900 | Spider:2 | HP: 56/168 [poisoned by a wolf spider]
 43907 | Spider:2 | HP: 57/168 [poisoned by a wolf spider]
 43915 | Spider:2 | HP: 58/168 [poisoned by a wolf spider]
 44423 | Spider:3 | Noticed NorthaanB's ghost (adept FoAK)
 44474 | Spider:2 | HP: 83/168 [poisoned by a redback]
 44479 | Spider:2 | HP: 75/168 [poisoned by a redback]
 44484 | Spider:2 | HP: 67/168 [poisoned by a redback]
 44489 | Spider:2 | HP: 63/168 [poisoned by a redback]
 44494 | Spider:2 | HP: 60/168 [poisoned by a redback]
 44500 | Spider:2 | HP: 58/168 [poisoned by a redback]
 44507 | Spider:2 | HP: 58/168 [poisoned by a redback]
 44514 | Spider:2 | HP: 58/168 [poisoned by a redback]
 44522 | Spider:2 | HP: 59/168 [poisoned by a redback]
 44907 | Spider:3 | Killed NorthaanB's ghost
 44911 | Spider:3 | HP: 84/168 [poisoned by an emperor scorpion]
 44916 | Spider:3 | HP: 83/168 [poisoned by an emperor scorpion]
 44921 | Spider:3 | HP: 83/168 [poisoned by an emperor scorpion]
 44928 | Spider:3 | HP: 83/168 [poisoned by an emperor scorpion]
 44936 | Spider:3 | HP: 84/168 [poisoned by an emperor scorpion]
 44965 | Spider:3 | HP: 83/168 [disintegration (12)]
 45188 | Spider:3 | HP: 81/168 [demonic crawler (10)]
 45194 | Spider:3 | HP: 80/168 [poisoned by a wolf spider]
 45199 | Spider:3 | HP: 80/168 [poisoned by a wolf spider]
 45206 | Spider:3 | HP: 81/168 [poisoned by a wolf spider]
 45214 | Spider:2 | HP: 52/168 [poisoned by a wolf spider]
 45669 | Spider:3 | Reached XP level 18. HP: 165/178 MP: 17/17
 46033 | Spider:4 | Entered Level 4 of the Spider Nest
 47332 | Spider:4 | Reached skill level 20 in Fighting
 48043 | Spider:4 | Got a gossamer rune of Zot
 48363 | Elf:1    | Entered Level 1 of the Elven Halls
 48495 | Elf:1    | Found a frozen archway.
 48553 | IceCv    | Entered an ice cave
 48766 | IceCv    | Noticed vomix's ghost (journeyman MiBe)
 48778 | IceCv    | Killed vomix's ghost
 49092 | IceCv    | Noticed an Ice Fiend
 49101 | IceCv    | HP: 80/180 [Ice Fiend (20)]
 49104 | IceCv    | Killed an Ice Fiend
 49852 | Elf:1    | Cast into level 3 of the Abyss (a deep elf demonologist)
 50025 | Abyss:3  | Gained mutation: You tend to lose your temper in combat. [a neqoxec]
 50026 | Abyss:3  | Lost mutation: Your spells are a little harder to cast, but a little more powerful. [a neqoxec]
 50120 | Abyss:3  | HP: 127/270 [thrashing horror (9)]
 50125 | Abyss:3  | HP: 114/270 [white very ugly thing (13)]
 50130 | Abyss:3  | HP: 50/180 [starcursed mass/accursed screaming (8)]
 50136 | Abyss:3  | HP: 53/180 [green very ugly thing (14)]
 50288 | Elf:1    | Escaped the Abyss
 50646 | Elf:1    | Identified a scroll of acquirement
 51255 | Elf:2    | Reached XP level 19. HP: 187/187 MP: 18/18
 51527 | Elf:2    | Noticed Jorgrun
 51544 | Elf:2    | Killed Jorgrun
 51758 | Elf:2    | Found a large runed door.
 51758 | Elf:2    | Found a large runed door.
 51799 | Elf:2    | Found a large runed door.
 51799 | Elf:2    | Found a large runed door.
 51976 | Elf:2    | Reached skill level 21 in Fighting
 52059 | Elf:2    | Noticed Agnes
 52069 | Elf:2    | Killed Agnes
 53200 | Shoals:4 | Entered Level 4 of the Shoals
 53204 | Shoals:4 | Noticed Ilsuiw
 53532 | Shoals:4 | Killed Ilsuiw
 53912 | Shoals:4 | Got a flickering marble ring
 53913 | Shoals:4 | Identified the ring "Nal Ypsuily" {rPois rN++ MP-9 SInv Stlth+} (You found it on level 4 of the Shoals)
 54498 | Shoals:4 | Reached skill level 15 in Shields
 54514 | Shoals:4 | Found Piytz's General Store.
 55022 | Shoals:4 | HP: 95/191 [barbs]
 55395 | Shoals:4 | Got a barnacled rune of Zot
 55843 | Vaults:1 | Entered Level 1 of the Vaults
 55893 | Vaults:1 | Gained mutation: You are agile. (Dex +2) [mutagenic meat]
 55895 | Vaults:1 | Lost mutation: You have sharp fingernails. [mutagenic meat]
 55994 | Vaults:1 | Reached skill level 22 in Fighting
 56064 | Vaults:1 | Reached XP level 20. HP: 200/200 MP: 10/19
 56731 | Vaults:1 | Lost mutation: You tend to lose your temper in combat. [mutagenic meat]
 56732 | Vaults:1 | Lost mutation: You are very dopey. (Int -4) [mutagenic meat]
 56733 | Vaults:1 | Lost mutation: You occasionally shout uncontrollably at your foes. [mutagenic meat]
 56770 | Vaults:1 | Got a flickering tin ring
 56812 | Vaults:1 | Identified the ring "Cugyet" {rPois MR+ Int+3} (You found it on level 1 of the Vaults)
 56874 | Vaults:1 | Noticed Saint Roka
 56931 | Vaults:1 | HP: 92/201 [orc warrior/trident[Saint Roka] (14)]
 56934 | Vaults:1 | Killed Saint Roka
 57002 | Vaults:1 | HP: 78/202 [yaktaur[a vault warden] (17)]
 57363 | Vaults:1 | HP: 89/202 [cyclops/large rock (14)]
 57423 | Vaults:1 | Lost mutation: You are agile. (Dex +2) [mutagenic meat]
 57425 | Vaults:1 | Lost mutation: Your large and strong wings let you fly indefinitely. [mutagenic meat]
 57426 | Vaults:1 | Gained mutation: You are agile. (Dex +2) [mutagenic meat]
 57427 | Vaults:1 | Gained mutation: You have a pair of horns on your head. [mutagenic meat]
 57801 | Vaults:1 | Reached skill level 15 in Dodging
 58181 | Vaults:2 | Reached skill level 23 in Fighting
 58575 | Vaults:2 | Found Honoskesie's Gadget Shop.
 59039 | Vaults:2 | Gained mutation: You are somewhat resistant to further mutation. [mutagenic meat]
 59446 | Vaults:3 | Noticed Frederick
 59459 | Vaults:3 | Killed Frederick
 59459 | Vaults:3 | Reached XP level 21. HP: 203/212 MP: 11/20
 59493 | Vaults:3 | Noticed Jory
 59682 | Vaults:3 | Killed Jory
 60175 | Vaults:3 | Found a staircase to the Crypt.
 60337 | Vaults:3 | Reached skill level 24 in Fighting
 60950 | Vaults:3 | HP: 106/214 [deep troll[an ironheart preserver] (3)]
 60991 | Vaults:3 | HP: 105/214 [ogre mage/bolt of cold (4)]
 62092 | Vaults:4 | Noticed Boris
 62311 | Vaults:4 | Killed Boris
 62311 | Vaults:4 | Reached XP level 22. HP: 221/224 MP: 12/21
 63113 | Vaults:4 | Reached skill level 25 in Fighting
 63670 | Depths:1 | Entered Level 1 of the Depths
 63705 | Depths:1 | Found a gateway to a ziggurat.
 63923 | Depths:1 | Found a one-way gate leading to the halls of Pandemonium.
 64276 | Depths:1 | Noticed Mara
 64285 | Depths:1 | Noticed Monsterracer's illusion
 64312 | Depths:1 | Killed Mara
 64333 | Depths:1 | HP: 102/226 [deep troll (18)]
 65628 | Depths:2 | HP: 88/227 [spriggan berserker/antimagic flail (29)]
 65634 | Depths:2 | HP: 82/227 [hell knight/battleaxe (9)]
 65644 | Depths:2 | HP: 71/227 [hell knight/enchanted demon blade (16)]
 65649 | Depths:2 | HP: 66/227 [polar bear[a spriggan berserker] (7)]
 65661 | Depths:2 | HP: 70/227 [polar bear[a spriggan berserker] (2)]
 65752 | Depths:1 | HP: 109/227 [troll (4)]
 66685 | Depths:2 | Reached XP level 23. HP: 223/236 MP: 13/22
 67004 | Depths:2 | Reached skill level 26 in Fighting
 68097 | Depths:3 | HP: 101/237 [deep troll earth mage (26)]
 68373 | Depths:3 | HP: 110/238 [fire giant/fireball (51)]
 68414 | Depths:3 | HP: 107/238 [stone giant/large rock (14)]
 68426 | Depths:3 | HP: 69/238 [fire giant/fireball (41)]
 68448 | Depths:3 | HP: 41/238 [frost giant/bolt of cold (3)]
 68468 | Depths:3 | Got a scorched copper amulet
 68469 | Depths:3 | Identified the amulet "Qipseit" {RegenMP *Drain rF+ Int+5} (You took it off a boggart on level 3 of the Depths)
 68721 | Depths:3 | Got a shimmering silver ring
 68723 | Depths:3 | Got a coiled copper ring
 68725 | Depths:3 | Got a fine turquoise ring
 68771 | Depths:3 | Identified the ring of Mirth {+Fly rN+ Str+2} (You took it off a frost giant on level 3 of the Depths)
 68772 | Depths:3 | Identified the ring "Akhlafid" {+Inv rPois rF+ rC+ Str+3} (You took it off a fire giant on level 3 of the Depths)
 68773 | Depths:3 | Identified the cursed ring of Xom's Favour {rN+ AC-3 Stlth+} (You took it off a vampire knight on level 3 of the Depths)
 69017 | Depths:3 | Found Kaip Gipt's General Store.
 69293 | Depths:4 | HP: 114/238 [fire giant/fireball (24)]
 69768 | Depths:4 | HP: 107/238 [hell knight/glaive of chopping (20)]
 70545 | Depths:3 | Reached XP level 24. HP: 152/247 MP: 13/22
 70901 | Depths:4 | Reached skill level 27 in Fighting
 70909 | Depths:4 | Found a one-way gate to the infinite horrors of the Abyss.
 71188 | Depths:4 | Found a glowing golden altar of the Shining One.
 71672 | Depths:5 | Entered Level 5 of the Depths
 71982 | Depths:5 | HP: 120/241 [poisoned by a death drake (foul vapour)]
 71987 | Depths:5 | HP: 66/241 [poison (dark miasma)]
 71992 | Depths:5 | HP: 40/241 [poison (dark miasma)]
 71997 | Depths:5 | HP: 25/241 [poison (dark miasma)]
 72002 | Depths:5 | HP: 16/241 [poison (dark miasma)]
 72008 | Depths:5 | HP: 10/241 [poison (dark miasma)]
 72014 | Depths:5 | HP: 6/241 [poison (dark miasma)]
 72020 | Depths:5 | HP: 4/241 [poison (dark miasma)]
 72684 | Depths:5 | Found Gulirch's Food Emporium.
 73184 | Depths:5 | Noticed Boris
 73296 | Depths:5 | Killed Boris
 73426 | Depths:5 | Found a gate to the Realm of Zot.
 73886 | Slime:1  | Entered Level 1 of the Pits of Slime
 74003 | Slime:1  | HP: 123/249 [azure jelly (12)]
 74008 | Slime:1  | HP: 109/249 [azure jelly (6)]
 74013 | Slime:1  | HP: 101/249 [slime creature (9)]
 74019 | Slime:1  | HP: 98/249 [slime creature (4)]
 74029 | Slime:1  | HP: 100/249 [slime creature (1)]
 74035 | Slime:1  | HP: 84/249 [slime creature (17)]
 74480 | Slime:3  | Gained mutation: You are very dopey. (Int -4) [a shining eye]
 74568 | Slime:5  | Entered Level 5 of the Pits of Slime
 74731 | Slime:5  | Found a viscous altar of Jiyva.
 74732 | Slime:5  | Noticed the Royal Jelly
 74758 | Slime:5  | Killed the Royal Jelly
 74758 | Slime:5  | Reached XP level 25. HP: 192/257 MP: 22/22
 74779 | Slime:5  | HP: 124/256 [acid (6)]
 74784 | Slime:5  | HP: 122/256 [acid (2)]
 74812 | Slime:5  | HP: 127/257 [acid (2)]
 74845 | Slime:5  | Got a slimy rune of Zot
 74880 | Slime:5  | Got a sparkling steel ring
 74881 | Slime:5  | Identified the ring of Departure {rPois Int+2 Stlth+} (You acquired it on level 5 of the Pits of Slime)
 74930 | Slime:5  | Identified the Grimoire of the Undertaker
 75435 | Zot:1    | Entered Level 1 of the Realm of Zot
 75667 | Zot:5    | Entered Level 5 of the Realm of Zot
 75694 | Zot:5    | Identified the ring of Letoph {+Blink MR- MP+9 Int+5} (You acquired it on level 5 of the Realm of Zot)
 76002 | Zot:5    | Noticed an orb of fire
 76009 | Zot:5    | Noticed an orb of fire
 76020 | Zot:5    | HP: 109/257 [orb of fire/fireball (33)]
 76022 | Zot:5    | HP: 52/257 [orb of fire/fireball (16)]
 76027 | Zot:5    | HP: 12/257 [orb of fire/fireball (22)]
 76031 | Zot:5    | HP: 2/257 [orb of fire/bolt of fire (12)]
 76036 | Zot:5    | Killed from afar by an orb of fire

Skill      XL: |  1  2  3  4  5  6  7  8  9 10 11 12 13 14 15 16 17 18 19 20 21 22 23 24 |
---------------+-------------------------------------------------------------------------+-----
Fighting       | 2 3 4 5 6 7 8 9 11 12 14 15 16 17 19 20 22 23 24 25 26 27 | 27.0
Maces & Flails | 2 3 5 7 9 11 12 13 14 15 16 17 18 19 20 | 20.9
Dodging        | 2 3 4 6 7 8 9 10 11 12 13 14 15 16 17 19 | 19.5
Evocations     | 0 |  0.0
Stealth        | 2 4 6 7 9 10 11 12 13 14 | 14.9
Fire Magic     | 3 |  3.7
Conjurations   | 2 |  2.8
Spellcasting   | 1 |  1.1
Shields        | 5 6 8 13 14 15 | 15.0
Short Blades   | |  1.0

Action                   |  1- 3 |  4- 6 |  7- 9 | 10-12 | 13-15 | 16-18 | 19-21 | 22-24 | 25-27 || total
-------------------------+-------+-------+-------+-------+-------+-------+-------+-------+-------++-------
Melee: Short sword       |   122 |    17 |       |       |       |       |       |       |       ||   139
       Tailslap          |     9 |    12 |    58 |   129 |   332 |   439 |   540 |   577 |    48 ||  2144
       Whip              |       |   103 |   441 |   651 |   594 |       |       |       |       ||  1789
       Flail             |       |    58 |       |       |   802 |       |       |       |       ||   860
       Mace              |       |       |       |    48 |    37 |       |       |       |       ||    85
       Headbutt          |       |       |       |   150 |   455 |   605 |   688 |   824 |    67 ||  2789
       Demon whip        |       |       |       |       |   205 |  1782 |  2012 |  2138 |   151 ||  6288
       Kick              |       |       |       |       |    55 |   134 |       |       |       ||   189
Throw: Throwing net      |       |       |     1 |       |       |     1 |       |       |       ||     2
 Cast: Flame Tongue      |       |       |       |     6 |       |       |       |       |       ||     6
       Conjure Flame     |       |       |       |     1 |       |       |       |       |       ||     1
Invok: Sacrifice Artific |       |       |     1 |       |       |       |       |       |       ||     1
       Sacrifice Arcana  |       |       |       |     1 |       |       |       |       |       ||     1
       Sacrifice Drink   |       |       |       |     1 |       |       |       |       |       ||     1
       Sacrifice Essence |       |       |       |     1 |       |       |       |       |       ||     1
       Power Leap        |       |       |       |     2 |       |     4 |     1 |       |       ||     7
       Draw Out Power    |       |       |       |     1 |     1 |     1 |       |     1 |       ||     4
       Reject Sacrifices |       |       |       |     1 |       |       |       |       |       ||     1
       Apocalypse        |       |       |       |       |     2 |     2 |     2 |     8 |     2 ||    16
       Sacrifice Purity  |       |       |       |       |     1 |       |       |       |       ||     1
       Sacrifice Love    |       |       |       |       |     1 |       |       |       |       ||     1
 Abil: Breathe Steam     |       |       |    10 |    50 |   101 |    34 |     9 |     3 |       ||   207
       Evoke Berserk Rag |       |       |     3 |       |       |       |       |       |       ||     3
       Fly               |       |       |       |       |     1 |       |       |       |       ||     1
       Blink             |       |       |       |       |       |       |       |     1 |       ||     1
Evoke: Wand              |     2 |    11 |       |       |       |       |       |       |       ||    13
  Use: Scroll            |       |     7 |    10 |     7 |     8 |    12 |     5 |     8 |    18 ||    75
       Potion            |       |     4 |       |       |       |     3 |       |     5 |     2 ||    14
 Stab: Sleeping          |     1 |     1 |     1 |     2 |    14 |    20 |    28 |    19 |     2 ||    88
       Held in net/web   |       |       |     2 |       |       |       |       |       |       ||     2
       Invisible         |       |       |       |     5 |    19 |    25 |    16 |    17 |     2 ||    84
       Distracted        |       |       |       |     3 |    10 |    24 |    23 |    19 |     4 ||    83
       Paralysed         |       |       |       |       |    10 |     8 |    13 |    22 |     3 ||    56
       Petrified         |       |       |       |       |       |     5 |       |       |       ||     5
  Eat: Chunk             |     1 |     6 |    18 |    37 |    84 |    43 |    56 |    32 |       ||   277
       Fruit             |       |       |     2 |     4 |     8 |    16 |     2 |     9 |       ||    41
       Royal jelly       |       |       |       |       |       |     1 |       |     1 |     5 ||     7
Armor: Skin              |    46 |    72 |   132 |    86 |   308 |   218 |   139 |   202 |    14 ||  1217
Dodge: Dodged            |    82 |   109 |   239 |   310 |   828 |   723 |   558 |   908 |    46 ||  3803
Block: Other             |       |       |       |     3 |    76 |       |       |       |       ||    79
       Buckler           |       |       |       |       |   137 |   144 |       |       |       ||   281
       Reflection        |       |       |       |       |    10 |    32 |    79 |    53 |       ||   174
       Shield            |       |       |       |       |       |   783 |  1000 |  1111 |    56 ||  2950
